 Dungeon Crawl Stone Soup version 0.18.1-48-g4cf74bf (webtiles) character file.

6225 meme the Ducker (level 10, -3/98 HPs)
             Began as a Troll Monk on July 17, 2016.
             Was a High Priest of Vehumet.
             Slain by Typee's ghost (5 damage)
             ... on level 1 of the Lair of Beasts.
             The game lasted 01:21:49 (9859 turns).

meme the Ducker (Troll Monk)                        Turns: 9859, Time: 01:21:51

Health: -3/98      AC:  6    Str: 20 (22) XL:     10   Next: 61%
Magic:  13/14      EV:  8    Int:  6      God:    Vehumet [*****.]
Gold:   436        SH:  0    Dex: 12 (14) Spells: 4 memorised, 4 levels left

rFire  + . .     SeeInvis .       - Unarmed
rCold  . . .     Gourm    +     a - +0 robe
rNeg   . . .     Faith    .     (no shield)
rPois  .         Spirit   .     (helmet restricted)
rElec  .         Dismiss  .     I - +0 cloak
rCorr  .         Reflect  .     (gloves unavailable)
SustAt .         Harm     .     (boots unavailable)
MR     .....                    (no amulet)
Stlth  ++........               (no ring)
                                c - ring of protection from fire

@: lethally poisoned (-3 -> -5), not resistant to hostile enchantments,
unstealthy
A: unfitting armour, claws 3, fast metabolism 3, gourmand, regeneration 2,
shaggy fur 1, tough skin 2
a: Renounce Religion


You were on level 1 of the Lair of Beasts.
You worshipped Vehumet.
Vehumet was extremely pleased with you.
You were very hungry.

You visited 2 branches of the dungeon, and saw 10 of its levels.
You also visited: Sewer and Bailey.

You collected 546 gold pieces.
You spent 110 gold pieces at shops.

Inventory:

Hand Weapons
 d - a +3 shortbow
Missiles
 e - 181 arrows
Armour
 a - a +0 robe (worn)
 I - a +0 cloak (worn)
Jewellery
 c - a ring of protection from fire (left claw)
 h - an uncursed amulet of harm
 x - an uncursed ring of resist corrosion {unknown}
 A - an uncursed ring of protection from cold {unknown}
Wands
 g - a wand of digging (16/24)
 l - a wand of enslavement (15/24)
 r - a wand of paralysis (7/24)
 G - a wand of acid (9/15)
Scrolls
 n - 3 scrolls of blinking
 o - a scroll of teleportation
 p - a scroll of fear
 u - 6 scrolls of identify
 v - a scroll of immolation {unknown}
 w - a scroll of fog
 y - a scroll of recharging {unknown}
 C - a scroll of enchant armour {unknown}
 E - a scroll of enchant weapon {unknown}
 J - 3 scrolls of magic mapping {unknown}
 Q - a scroll of amnesia
Potions
 i - 3 potions of might
 k - a potion of brilliance
 q - a potion of invisibility
 s - 3 potions of magic
 F - a potion of curing
 H - a potion of resistance
 L - 2 potions of berserk rage
 N - a potion of cure mutation
 P - a potion of flight
Books
 f - a book of Geomancy

   Spells                             Type                      Level
   a - Sandblast                      Earth                        1
   b - Passwall                       Transmutation/Earth          2
   c - Stone Arrow                    Conjuration/Earth            3
   d - Petrify                        Transmutation/Earth          4
   e - Lee's Rapid Deconstruction     Earth                        5
 t - a book of Alchemy

   Spells                             Type                      Level
   a - Sublimation of Blood           Necromancy                   2
   b - Ignite Poison                  Fire/Transmutation/Poison    3
   c - Petrify                        Transmutation/Earth          4
   d - Alistair's Intoxication        Transmutation/Poison         5
   e - Irradiate                      Conjuration/Transmutation    5
 K - a book of Envenomations

   Spells                             Type                      Level
   a - Spider Form                    Transmutation/Poison         3
   b - Olgreb's Toxic Radiance        Poison                       4
   c - Alistair's Intoxication        Transmutation/Poison         5
   d - Poisonous Cloud                Conjuration/Poison/Air       6
 O - a book of Ice

   Spells                             Type                      Level
   a - Ice Form                       Ice/Transmutation            4
   b - Metabolic Englaciation         Hexes/Ice                    5
   c - Ozocubu's Refrigeration        Ice                          6
   d - Bolt of Cold                   Conjuration/Ice              6
   e - Freezing Cloud                 Conjuration/Ice/Air          6
   f - Simulacrum                     Ice/Necromancy               6
Comestibles
 b - 6 bread rations
 j - 4 meat rations
 z - a slice of pizza
 D - a royal jelly
 M - a fruit


   Skills:
 + Level 6.2 Fighting
 + Level 0.4 Bows
 + Level 7.6 Dodging
 + Level 2.9 Stealth
 + Level 7.4 Unarmed Combat
 + Level 3.4 Spellcasting
 + Level 3.1 Conjurations
 + Level 1.0 Transmutations
 + Level 1.5 Fire Magic
 + Level 3.4 Poison Magic


You had 4 spell levels left.
You knew the following spells:

 Your Spells              Type           Power        Failure   Level  Hunger
a - Sting                 Conj/Pois      #...         3%          1    ##.....
b - Sticky Flame          Conj/Fire      #.......     58%         4    #####..
c - Ignite Poison         Fire/Trmt/Pois #.......     17%         3    ####...
d - Stone Arrow           Conj/Erth      #.....       24%         3    ####...


Dungeon Overview and Level Annotations

Branches:
Dungeon (9/15)             Temple (0/1) D:4            Lair (1/8) D:9
    Orc: D:9-12

Altars:
Fedhas
Kikubaaqudgha
Makhleb
Pakellas
Ru
Vehumet
Xom
Yredelemnul

Shops:
D:8 (   D:9 %

Annotations:
Lair:1 Typee's ghost, journeyman OpTm


Innate Abilities, Weirdness & Mutations

You are too large for most types of armour.
You have claws for hands.
Your metabolism is lightning-fast.
You like to eat raw meat.
You heal very quickly.
You are covered in fur (AC +1).
You have very tough skin (AC +2).


Message History

The spiny frog stings you!
You claw the spiny frog!
The spiny frog is almost dead.
The spiny frog stings you! Typee's ghost hits you.
* * * LOW HITPOINT WARNING * * *
The spiny frog misses you. The spiny frog completely misses you.
The spiny frog misses you.
There is a staircase back to the Dungeon here.
You closely miss the spiny frog.
The spiny frog is almost dead.
Typee's ghost screams, "Don't try to defend!
You have no chance!"
Typee's ghost hits you. The spiny frog stings you!
* * * LOW HITPOINT WARNING * * *
You are poisoned.
The spiny frog poisons you! The spiny frog stings you!!
* * * LOW HITPOINT WARNING * * *
The spiny frog stings you but does no damage.
Typee's ghost hits you.
You die...

#####.#.### ###
..........# #..#
..#.#.....# #..#
..####....# ...# ..#
##....# #..### #
..###.....#####..#.##.#
..........#.##........#
........%......W......#
...............F@.....#
...............F......#
...##P....###.#########
...###...## ###
...##....#
...###...######
...###.......F.
...............
...............


You could see 2 spiny frogs and Typee's ghost.

Vanquished Creatures
  The ghost of simples the Covert, a novice SpAK of Lugonu (Bailey)
  Joseph (D:9)
  A spiny frog (Lair:1)
  A komodo dragon (D:9)
  A troll (D:9)
  A basilisk (Lair:1)
  A hippogriff (D:9)
  An ice beast (D:5)
  3 orc warriors
  3 phantoms (D:5)
  A black bear (D:6)
  3 sky beasts
  A wasp (D:8)
  5 ogres
  5 centaurs
  4 giant frogs
  3 scorpions
  6 killer bees
  3 crimson imps
  A howler monkey (D:8)
  3 centaur zombies
  A centaur skeleton (D:4)
  7 hounds
  A giant frog skeleton (D:8)
  7 orc priests
  4 jellies (D:7)
  12 orc wizards
  Crazy Yiuf (D:6)
  3 iguanas
  Natasha (thrice) (D:2)
  8 worker ants
  A howler monkey zombie (D:9)
  2 worker ant zombies
  15 adders
  2 shadow imps
  5 oozes
  An adder skeleton (D:6)
  An adder zombie (D:8)
  7 worms
  A dart slug (D:4)
  12 giant geckos
  39 orcs
  16 bats
  10 giant cockroaches
  6 goblins
  9 hobgoblins
  20 jackals
  7 kobolds
  A quokka (D:4)
  A ball python (Sewer)
  2 giant gecko zombies
  4 giant newts
  5 rats
  A spectral orc (D:3)
264 creatures vanquished.

Vanquished Creatures (others)
  3 orcs (D:5)
  A giant cockroach (D:2)
  2 bushes (D:5)
  15 plants (D:9)
21 creatures vanquished.

Grand Total: 285 creatures vanquished

Notes
Turn   | Place    | Note
--------------------------------------------------------------
     0 | D:1      | meme the Troll Monk began the quest for the Orb.
     0 | D:1      | Reached XP level 1. HP: 22/22 MP: 0/0
    66 | D:1      | Reached XP level 2. HP: 27/29 MP: 1/1
   533 | D:1      | Reached XP level 3. HP: 36/36 MP: 2/2
   945 | D:2      | Noticed Natasha
   950 | D:2      | Killed Natasha
   950 | D:2      | Reached XP level 4. HP: 37/45 MP: 3/3
  1016 | D:2      | Found a radiant altar of Vehumet.
  1053 | D:2      | Became a worshipper of Vehumet
  1053 | D:2      | Reached * piety under Vehumet
  1053 | D:2      | Offered knowledge of Shock by Vehumet.
  1053 | D:2      | Reached ** piety under Vehumet
  1090 | D:2      | Noticed Natasha
  1097 | D:2      | Killed Natasha
  1246 | D:2      | Offered knowledge of Sting by Vehumet.
  1261 | D:2      | Learned a level 1 spell: Sting
  1288 | D:2      | Noticed Natasha
  1331 | D:2      | Killed Natasha
  1331 | D:2      | Reached XP level 5. HP: 42/53 MP: 4/4
  1398 | D:3      | Noticed a centaur
  1421 | D:3      | Killed a centaur
  1476 | D:3      | Reached skill level 5 in Unarmed Combat
  1654 | D:3      | Found a glowing drain.
  1680 | D:3      | Reached XP level 6. HP: 61/61 MP: 5/5
  1722 | Sewer    | Entered a sewer
  1726 | Sewer    | Offered knowledge of Stone Arrow by Vehumet.
  2185 | Sewer    | Reached *** piety under Vehumet
  2705 | D:3      | Found a basalt altar of Yredelemnul.
  3348 | D:4      | Reached skill level 1 in Conjurations
  3367 | D:3      | Reached skill level 1 in Poison Magic
  3382 | D:4      | Offered knowledge of Sticky Flame by Vehumet.
  3388 | D:4      | Learned a level 4 spell: Sticky Flame
  3456 | D:4      | Found a burning altar of Makhleb.
  3492 | D:4      | Found a staircase to the Ecumenical Temple.
  3570 | D:4      | Reached XP level 7. HP: 64/67 MP: 4/6
  3884 | D:5      | Entered Level 5 of the Dungeon
  3987 | D:5      | Found a blossoming altar of Fedhas.
  4016 | D:5      | Reached skill level 1 in Spellcasting
  4264 | D:5      | Reached **** piety under Vehumet
  4361 | D:5      | Reached skill level 5 in Dodging
  4468 | D:5      | Reached XP level 8. HP: 78/78 MP: 2/8
  4813 | D:5      | Offered knowledge of Irradiate by Vehumet.
  4898 | D:5      | Gained mutation: Your spells are a little easier to cast, but a little less powerful. [mutagenic meat]
  4907 | D:5      | Gained mutation: You expend magic power (3 MP) to strengthen your wands. [mutagenic meat]
  4908 | D:5      | Gained mutation: You are frail (-10% HP). [mutagenic meat]
  4909 | D:5      | Gained mutation: You are surrounded by a mild repulsion field (EV +2). [mutagenic meat]
  5336 | D:6      | Learned a level 3 spell: Ignite Poison
  5380 | D:6      | Reached skill level 5 in Fighting
  5428 | D:6      | Reached XP level 9. HP: 79/79 MP: 5/10
  5625 | D:6      | Found an oddly glowing altar of Pakellas.
  5850 | D:6      | Noticed Crazy Yiuf
  5854 | D:6      | Killed Crazy Yiuf
  5972 | D:7      | Found a sacrificial altar of Ru.
  5993 | D:7      | Found a flagged portal.
  6174 | Bailey   | Entered a bailey
  6178 | Bailey   | Noticed simples's ghost (novice SpAK)
  6196 | Bailey   | Killed simples's ghost
  6438 | D:7      | Reached ***** piety under Vehumet
  6438 | D:7      | Offered knowledge of Orb of Destruction by Vehumet.
  6852 | D:8      | Found an ancient bone altar of Kikubaaqudgha.
  7203 | D:8      | Reached XP level 10. HP: 74/88 MP: 8/13
  7216 | D:8      | Found a shimmering altar of Xom.
  7232 | D:8      | Found a shimmering altar of Xom.
  7233 | D:8      | Found a shimmering altar of Xom.
  7233 | D:8      | Found a shimmering altar of Xom.
  7234 | D:8      | Found a shimmering altar of Xom.
  7234 | D:8      | Found a shimmering altar of Xom.
  7532 | D:8      | Found Qaowul's Weapon Boutique.
  8183 | D:9      | Found Ycicarayn's Food Shop.
  8194 | D:9      | Bought a meat ration for 55 gold pieces
  8194 | D:9      | Bought a meat ration for 55 gold pieces
  8807 | D:9      | Learned a level 3 spell: Stone Arrow
  8839 | D:9      | Reached skill level 1 in Transmutations
  8843 | D:9      | Lost mutation: You expend magic power (3 MP) to strengthen your wands. [potion of cure mutation]
  8843 | D:9      | Lost mutation: Your spells are a little easier to cast, but a little less powerful. [potion of cure mutation]
  8843 | D:9      | Lost mutation: You are frail (-10% HP). [potion of cure mutation]
  8843 | D:9      | Lost mutation: You are surrounded by a mild repulsion field (EV +2). [potion of cure mutation]
  9011 | D:9      | Noticed Joseph
  9165 | D:9      | Killed Joseph
  9165 | D:9      | Reached skill level 1 in Fire Magic
  9432 | D:9      | Offered knowledge of Force Lance by Vehumet.
  9433 | D:9      | Found a staircase to the Lair.
  9728 | Lair:1   | Entered Level 1 of the Lair of Beasts
  9803 | Lair:1   | Noticed a spiny frog
  9809 | Lair:1   | Killed a spiny frog
  9831 | Lair:1   | Noticed Typee's ghost (journeyman OpTm)
  9833 | Lair:1   | Noticed a spiny frog
  9837 | Lair:1   | Noticed a spiny frog
  9859 | Lair:1   | HP: 2/98 [spiny frog (18)]
  9859 | Lair:1   | Slain by Typee's ghost

Skill      XL: |  1  2  3  4  5  6  7  8  9 10 |
---------------+-------------------------------+-----
Fighting       | 3 4 5 6 |  6.2
Dodging        | 3 4 5 6 7 |  7.6
Unarmed Combat | 5 6 7 |  7.4
Conjurations   | 1 2 3 |  3.1
Poison Magic   | 1 2 3 |  3.4
Spellcasting   | 1 2 3 |  3.4
Stealth        | 2 |  2.9
Transmutations | 1 |  1.0
Fire Magic     | 1 |  1.5
Bows           | |  0.4

Action                   |  1- 3 |  4- 6 |  7- 9 | 10-12 || total
-------------------------+-------+-------+-------+-------++-------
Melee: Unarmed           |    66 |   193 |   322 |   166 ||   747
       Punch             |       |     1 |     6 |     4 ||    11
 Fire: Shortbow          |       |    11 |     3 |       ||    14
 Cast: Sting             |       |    50 |   148 |    89 ||   287
       Ignite Poison     |       |       |     7 |    17 ||    24
       Sticky Flame      |       |       |       |     7 ||     7
Evoke: Wand              |       |       |     1 |       ||     1
  Use: Scroll            |     3 |     5 |     4 |     3 ||    15
       Potion            |       |     5 |     6 |     7 ||    18
 Stab: Sleeping          |     2 |     1 |     3 |     1 ||     7
       Distracted        |       |     1 |     1 |       ||     2
       Invisible         |       |       |     1 |       ||     1
       Paralysed         |       |       |     1 |       ||     1
  Eat: Chunk             |    14 |    30 |    46 |    26 ||   116
Armor: Robe              |    29 |    87 |    69 |    46 ||   231
       Skin              |       |       |       |     8 ||     8
Dodge: Dodged            |    41 |   189 |   202 |   171 ||   603
